 Dungeon Crawl Stone Soup version 0.31-a0-229-g1fc7ce93e2 (webtiles) character file.

Game seed: 14867058826054239971

16278 sanka the Destroyer (level 11, -7/93 HPs)
             Began as a Demigod Conjurer on July 6, 2023.
             Mangled by a hell knight
             ... wielding a +1 battleaxe of flaming
              (14 damage)
             ... in a volcano.
             The game lasted 00:33:13 (15433 turns).

sanka the Destroyer (Demigod Conjurer)             Turns: 15433, Time: 00:33:14

Health: -7/93      AC: 13    Str:  8    XL:     11   Next: 78%
Magic:  8/25       EV: 15    Int: 32    God:
Gold:   816        SH:  0    Dex: 18    Spells: 13/24 levels left

rFire   . . .        z - +1 dire flail (drain)
rCold   . . .        (shield currently unavailable)
rNeg    . . .        L - +0 steam dragon scales
rPois   .            (no helmet)
rElec   .            (no cloak)
rCorr   .            l - +0 pair of gloves
SInv    .            S - +2 pair of boots
Will    +....        (no amulet)
Stlth   ++           N - +6 ring of dexterity
HPRegen 0.35/turn    m - +4 ring of protection
MPRegen 0.19/turn

%: no passive effects
@: no status effects
A: high MP 1, forlorn, divine attributes
a: no special abilities


You were in a volcano.
You visited 2 branches of the dungeon, and saw 12 of its levels.
You also visited: Volcano.

You collected 816 gold pieces.


Innate Abilities, Weirdness & Mutations

You have an increased reservoir of magic. (+10% MP)
You shall have no god before yourself.
Your divine heritage dramatically boosts your attributes as you level up.


   Skills:
 + Level 7.7 Fighting
 + Level 6.0 Dodging
 - Level 1.7 Stealth
 - Level 7.0 Spellcasting
 - Level 14.0 Conjurations
 - Level 1.0 Hexes
 - Level 1.0 Translocations


You had 13 spell levels left.
You knew the following spells:

 Your Spells              Type           Power      Damage    Failure   Level
c - Iskenderun's Mystic   Conj/Tloc      56%        2d12      1%          4
x - Searing Ray           Conj           100%       2d8       1%          2
z - Magic Dart            Conj           100%       1d8       0%          1
Z - Fulminant Prism       Conj/Hex       28%        3d13      1%          4

Your spell library contained the following spells:

 Spells                   Type           Power      Damage    Failure   Level
 Foxfire                  Conj/Fire      100%       2x1d9     1%          1
 Dazzling Flash           Conj/Hex       100%       N/A       1%          3
 Hailstorm                Conj/Ice       54%        3d12      1%          3
 Freeze                   Ice            44%        1d6       4%          1
 Ensorcelled Hibernation  Hex/Ice        28%        N/A       4%          2
 Fireball                 Conj/Fire      27%        3d12      6%          5
 Portal Projectile        Hex/Tloc       34%        N/A       9%          3
 Volatile Blastmotes      Fire/Tloc      28%        2d12      10%         3
 Call Canine Familiar     Summ           11%        N/A       12%         3
 Frozen Ramparts          Ice            22%        1d4       12%         3
 Spider Form              Tmut/Pois      11%        N/A       12%         3
 Anguish                  Hex/Necr       7%         N/A       32%         4
 Leda's Liquefaction      Hex/Erth       7%         N/A       32%         4
 Starburst                Conj/Fire      27%        6d9       34%         6
 Animate Dead             Necr           11%        N/A       38%         4
 Plasma Beam              Fire/Air       5%         2x1d16    99%         6
 Haunt                    Necr/Summ      5%         N/A       100%        7
 Infestation              Necr           5%         N/A       100%        8

Inventory:

Hand Weapons
 j - a +0 scimitar
 z - a +1 dire flail of draining (weapon)
Missiles
 O - 5 curare-tipped darts {=f}
Armour
 l - a +0 pair of gloves (worn)
 v - the +3 ring mail of Spite {Regen+}

   Regen:     It increases your rate of health regeneration.
 L - +0 steam dragon scales (worn)
 S - a +2 pair of boots (worn)
Jewellery
 a - a ring of ice
 m - a +4 ring of protection (right hand)
 N - a +6 ring of dexterity (left hand)
 P - an amulet of guardian spirit
 R - a ring of protection from cold
Wands
 y - a wand of acid (5)
 D - a wand of paralysis (26)
 G - a wand of flame (46)
 J - a wand of mindburst (22)
Scrolls
 d - 3 scrolls of noise {!r}
 g - 3 scrolls of vulnerability {!r}
 h - a scroll of revelation {unknown}
 k - 2 scrolls of teleportation {@r4}
 n - a scroll of torment {unknown}
 p - 3 scrolls of immolation {!r}
 x - a scroll of blinking {unknown}
 A - a scroll of silence {unknown}
 B - a scroll of enchant armour {unknown}
 C - a scroll of fog
 E - a scroll of poison {unknown}
 I - a scroll of butterflies
 K - a scroll of fear {unknown}
Potions
 b - 3 potions of magic
 c - 4 potions of attraction {unknown}
 f - 2 potions of heal wounds {unknown}
 q - 4 potions of brilliance {unknown}
 r - a potion of enlightenment {unknown}
 t - a potion of haste {@q3}
 u - 5 potions of curing {@q1}
 w - a potion of ambrosia {unknown}
 F - a potion of might {unknown}
 H - 3 potions of lignification {unknown}
 M - 2 potions of mutation {unknown}
 Q - 2 potions of cancellation {unknown}
 T - a potion of resistance {unknown}

Dungeon Overview and Level Annotations

Branches:
Dungeon (11/15)            Temple (0/1) D:7            Lair (1/5) D:11
Volcano (1/1)
    Orc: D:9-12

Shops:
D:4 :( D:9

(
▒▒▒▒.≈≈≈▒.▒.▒..≈#≈≈#≈#
▒≈≈≈.▒▒▒▒.▒▒.▒..≈≈≈≈≈#
▒▒▒▒.≈≈≈▒.▒▒▒▒...#≈#≈≈
▒≈≈≈.▒▒▒▒.▒ ▒▒.#.≈≈#≈≈
▒▒▒▒.≈≈≈▒.▒▒▒8....≈≈≈#
▒≈≈≈.▒▒▒▒.'.......#≈≈≈
▒▒▒▒.§§§▒▒▒▒▒8.....≈≈≈
▒≈≈≈.▒▒▒▒ ▒▒▒.....≈≈
▒▒▒▒▒ppO▒ ▒▒▒▒▒...
▒▒▒.*▒ ▒▒▒▒ .▒ ▒


You could see a hell knight (fast, corroded), a two-headed ogre (corroded, ally
target) and a friendly fulminant prism.


Message History

Okay, then.
Aiming: Corrosive Bolt
Press: ? - help, Shift-Dir - straight line, f - two-headed ogre
Aim: a two-headed ogre, wielding two +0 giant clubs of flaming (heavily wounded, covered in acid, ally target, 86% to hit)
The bolt of acid hits the hell knight.
The hell knight is heavily wounded.
The bolt of acid hits the two-headed ogre!
The two-headed ogre is severely wounded.
The hell knight hits you with a +1 battleaxe of flaming.
* * * LOW HITPOINT WARNING * * *
The hell knight burns you.
* * * LOW HITPOINT WARNING * * *
Your fulminant prism crackles loudly.
The hell knight hits you with a +1 battleaxe of flaming!
* * * LOW HITPOINT WARNING * * *
The hell knight burns you.
* * * LOW HITPOINT WARNING * * *
Unknown command.
Unknown command.
Aiming: Corrosive Bolt
Press: ? - help, Shift-Dir - straight line, f/p - two-headed ogre
Aim: a two-headed ogre, wielding two +0 giant clubs of flaming (severely wounded, covered in acid, ally target, 86% to hit)
The bolt of acid hits the hell knight!
The acid corrodes the hell knight!
The hell knight is heavily wounded.
The bolt of acid hits the two-headed ogre!
The two-headed ogre seems to be corroded for longer.
The two-headed ogre is almost dead.
The hell knight hits you with a +1 battleaxe of flaming!
You die...

Action                     |  1- 3 |  4- 6 |  7- 9 | 10-12 || total
---------------------------+-------+-------+-------+-------++-------
  Melee: Dire flail        |       |     6 |   111 |    89 ||   206
   Cast: Magic Dart        |    78 |    45 |   148 |    43 ||   314
         Searing Ray       |     2 |    15 |    31 |    27 ||    75
         Fulminant Prism   |       |       |    34 |    49 ||    83
         Iskenderun's Myst |       |       |       |    13 ||    13
  Evoke: Wand              |       |       |     2 |    15 ||    17
    Use: Potion            |       |       |     1 |       ||     1
         Scroll            |       |       |       |     6 ||     6
   Stab: Sleeping          |       |     1 |       |       ||     1
 Armour: Robe              |     1 |     7 |    60 |       ||    68
         Steam dragon scal |       |       |     3 |    85 ||    88
  Dodge: Dodged            |     2 |    17 |   108 |   131 ||   258

Levels and vault maps discovered:
D:1:      dpeg_arrival_subterranean_lakeside_camping, layout_loops_corners,
          minmay_cupped
D:2:      layout_basic, serial_shops, shop,
          hellmonk_ecumenical_altar_arch_garden, basic_altar, uniq_natasha
D:3:      layout_loops_corners
D:4:      minmay_inner_zag, layout_basic, serial_shops, shop,
          nicolae_shop_self_help
D:5:      layout_cave_pools, minmay_misc_feat_chi, uniq_prince_ribbit1,
          uniq_ijyb
D:6:      layout_loops_cross, yredelemnul_forgotten_temple_becter,
          dk_noncrumbling_4, st_stairs_1, uniq_eustachio
D:7:      layout_basic, minmay_temple_entry_nine_rooms, serial_bayou_lagoon_a
D:8:      layout_cave_pools, nicolae_hepliaklqana_hazy_memory,
          mainiacjoe_overflow_tiny_flanked, minmay_holes,
          kennysheep_decorative_pillar
D:9:      layout_roguey, serial_shops, shop_statue, evilmike_butchery
D:10:     layout_roguey [special_room_orc]
D:11:     layout_basic, erik_lair_dragon
Lair:1:   layout_small_grid, enter_volcano_3, wad_woods_03
Volcano:  volcano_grotto [vgs_trial_by_fire]

Notes
Turn   | Place    | Note
-------+----------+-------------------------------------------
     0 | D:1      | sanka the Demigod Conjurer began the quest for the Orb.
     0 | D:1      | Reached XP level 1. HP: 14/14 MP: 5/5
   148 | D:1      | Reached skill level 2 in Spellcasting
   412 | D:1      | Reached skill level 4 in Conjurations
   412 | D:1      | Reached XP level 2. HP: 20/20 MP: 5/7
   631 | D:1      | Learned a level 2 spell: Searing Ray
  1835 | D:2      | Reached XP level 3. HP: 26/26 MP: 6/8
  1893 | D:2      | Found Zippuruz's Book Shop.
  2260 | D:2      | Noticed Natasha
  2267 | D:2      | Killed Natasha
  2268 | D:2      | Reached skill level 5 in Conjurations
  2268 | D:2      | Reached XP level 4. HP: 33/33 MP: 2/9
  2420 | D:2      | Noticed Natasha
  2425 | D:2      | Killed Natasha
  2667 | D:2      | Noticed Natasha
  2670 | D:2      | Killed Natasha
  3019 | D:3      | Identified the +3 ring mail of Spite {Regen+}
  3570 | D:4      | Found Quirchior's Self-Improvement Boutique.
  3800 | D:4      | Found Wimi's Weapon Boutique.
  4114 | D:4      | Reached skill level 6 in Conjurations
  4114 | D:4      | Reached skill level 1 in Fighting
  4114 | D:4      | Reached XP level 5. HP: 40/40 MP: 5/10
  4188 | D:4      | Reached skill level 2 in Fighting
  4282 | D:4      | Reached skill level 3 in Fighting
  4282 | D:4      | Reached XP level 6. HP: 51/51 MP: 1/11
  4697 | D:4      | Reached skill level 4 in Fighting
  4969 | D:5      | Entered Level 5 of the Dungeon
  5012 | D:4      | Learned a level 4 spell: Fulminant Prism
  5072 | D:4      | Reached skill level 5 in Fighting
  5072 | D:4      | Reached XP level 7. HP: 50/59 MP: 4/13
  5228 | D:5      | Reached skill level 1 in Hexes
  5488 | D:5      | Noticed Prince Ribbit
  5500 | D:5      | Killed Prince Ribbit
  5501 | D:5      | Reached skill level 3 in Spellcasting
  5547 | D:5      | Noticed Ijyb
  5671 | D:5      | Killed Ijyb
  5798 | D:5      | Reached skill level 7 in Conjurations
  5934 | D:5      | Learned a level 4 spell: Iskenderun's Mystic Blast
  5938 | D:5      | Reached XP level 8. HP: 68/68 MP: 9/17
  5996 | D:5      | Reached skill level 4 in Spellcasting
  6422 | D:6      | Reached skill level 8 in Conjurations
  6662 | D:6      | Noticed Eustachio
  6687 | D:6      | Killed Eustachio
  7077 | D:6      | Reached skill level 9 in Conjurations
  8480 | D:7      | Reached skill level 10 in Conjurations
  8480 | D:7      | Reached XP level 9. HP: 71/74 MP: 18/18
  9120 | D:7      | Found a staircase to the Ecumenical Temple.
  9349 | D:8      | Identified the +2 spear of Drought {antimagic, Drain Dex+7}
  9513 | D:8      | Reached skill level 5 in Spellcasting
  9741 | D:8      | Identified +0 steam dragon scales
  9742 | D:8      | Reached skill level 11 in Conjurations
 10367 | D:9      | Found Nata's Antique Weapon Emporium.
 10505 | D:9      | Reached skill level 12 in Conjurations
 10762 | D:9      | Reached XP level 10. HP: 81/81 MP: 9/21
 11642 | D:10     | Entered Level 10 of the Dungeon
 11671 | D:10     | Reached skill level 6 in Spellcasting
 12089 | D:10     | Noticed a manticore
 12095 | D:10     | Killed a manticore
 12271 | D:10     | Reached skill level 13 in Conjurations
 12272 | D:10     | Reached skill level 7 in Spellcasting
 12402 | D:10     | Noticed a two-headed ogre
 12428 | D:10     | Killed a two-headed ogre
 13008 | D:11     | Reached XP level 11. HP: 62/86 MP: 4/25
 13321 | D:11     | Reached skill level 14 in Conjurations
 13331 | D:11     | Reached skill level 2 in Dodging
 13490 | D:11     | Identified +0 steam dragon scales
 13661 | D:11     | Found a staircase to the Lair.
 13755 | D:11     | Reached skill level 1 in Translocations
 14234 | D:11     | Reached skill level 3 in Dodging
 14410 | Lair:1   | Entered Level 1 of the Lair of Beasts
 14574 | Lair:1   | Reached skill level 6 in Fighting
 14574 | Lair:1   | Reached skill level 4 in Dodging
 14770 | Lair:1   | Found a dark tunnel.
 14849 | Volcano  | Entered a volcano
 14966 | Volcano  | Reached skill level 5 in Dodging
 14981 | Volcano  | Reached skill level 7 in Fighting
 15416 | Volcano  | Noticed an obsidian statue
 15416 | Volcano  | Noticed a two-headed ogre
 15420 | Volcano  | Noticed an ogre mage
 15424 | Volcano  | Noticed a two-headed ogre
 15425 | Volcano  | Killed a two-headed ogre
 15427 | Volcano  | Killed an obsidian statue
 15427 | Volcano  | Noticed a hell knight
 15430 | Volcano  | Killed an ogre mage
 15431 | Volcano  | Reached skill level 6 in Dodging
 15432 | Volcano  | HP: 7/93 [hell knight/+1 battleaxe of flaming (17)]
 15433 | Volcano  | Mangled by a hell knight

Vanquished Creatures
  An ogre mage (Volcano)
  2 two-headed ogres
  An obsidian statue (Volcano)
  A manticore (D:10)
  A cane toad (Lair:1)
  2 komodo dragons
  Prince Ribbit (D:5)
  5 blink frogs (Lair:1)
  28 yaks
  2 shadows (D:10)
  6 fire bats (Volcano)
  6 wyverns
  2 steam dragons
  A wraith (D:11)
  Eustachio (D:6)
  3 vampire mosquitoes (D:11)
  2 hell hounds (Lair:1)
  3 water moccasins
  4 orc warriors
  An ice beast (D:7)
  2 sky beasts (D:8)
  2 ogres
  3 centaurs
  2 phantoms
  4 kobold brigands
  2 gnoll sergeants
  4 scorpions
  5 bullfrogs
  11 wights
  An electric eel (D:7)
  5 howler monkeys
  6 lava snakes
  2 hounds
  2 jellies
  A gnoll bouda (D:7)
  7 orc priests
  4 iguanas
  Ijyb (D:5)
  A sleepcap (D:8)
  Natasha (thrice) (D:2)
  10 orc wizards
  3 adders
  11 gnolls
  A white imp (D:7)
  An ufetubus (D:7)
  2 worms (D:2)
  51 orcs
  3 bats
  7 endoplasms
  5 giant cockroaches
  8 goblins
  2 hobgoblins (D:2)
  6 quokkas
  5 ball pythons
  3 frilled lizards
  26 kobolds
  6 rats
  A spectral orc (D:6)
292 creatures vanquished.

Vanquished Creatures (others)
  82 fulminant prisms
82 creatures vanquished.

Grand Total: 374 creatures vanquished
